 Dungeon Crawl Stone Soup version 0.27-a0-1189-gb8eb6cee8e (webtiles) character file.

Game seed: 13159461579957687216

192 roflturtle the Ducker (level 5, -9/45 HPs)
             Began as a Draconian Transmuter on May 22, 2021.
             Killed by divine providence
             ... invoked by an orc priest
              (12 damage)
             ... on level 4 of the Dungeon.
             The game lasted 00:11:25 (4803 turns).

roflturtle the Ducker (Draconian Transmuter)        Turns: 4803, Time: 00:11:25

Health: -9/45      AC:  5    Str: 13    XL:     5   Next: 42%
Magic:  7/9        EV: 12    Int: 13    God:
Gold:   158        SH:  0    Dex: 12    Spells: 4/10 levels left

rFire    . . .     SeeInvis .     - Unarmed
rCold    . . .     Faith    .   (no shield)
rNeg     . . .     Spirit   .   (armour unavailable)
rPois    .         Reflect  .   (helmet currently unavailable)
rElec    .         Harm     .   (no cloak)
rCorr    +         Rampage  .   (no gloves)
Will     .....                  (boots currently unavailable)
Stlth    +.........             (no amulet)
HPRegen  0.15/turn              g - ring of resist corrosion
MPRegen  0.11/turn              (no ring)

@: appendages (expiring), wereblooded, attractive
A: horns 2, talons 2, AC +5, unfitting armour, cold-blooded
a: End Transformation


You were on level 4 of the Dungeon.
You had temporarily grown beastly horns and talons.
You visited 1 branch of the dungeon, and saw 4 of its levels.

You collected 158 gold pieces.

Inventory:

Jewellery
 g - a ring of resist corrosion (left hand)
Scrolls
 b - a scroll of teleportation {unknown}
 c - 4 scrolls of identify {unknown}
 e - a scroll of noise {unknown}
 f - a scroll of brand weapon {unknown}
 h - a scroll of enchant weapon {unknown}
 i - a scroll of summoning {unknown}
Potions
 a - 2 potions of attraction
 d - a potion of resistance {unknown}
 j - a potion of lignification {unknown}


   Skills:
 - Level 3.1 Fighting
 - Level 3.3 Dodging
 - Level 3.0 Unarmed Combat
 - Level 3.0 Spellcasting
 + Level 3.0 Transmutations


You had 4 spell levels left.
You knew the following spells:

 Your Spells              Type           Power      Damage    Failure   Level
a - Beastly Appendage     Tmut           18%        N/A       7%          1
b - Wereblood             Tmut           9%         N/A       10%         2
c - Spider Form           Tmut/Pois      2%         N/A       36%         3

Your spell library contained the following spells:

 Spells                   Type           Power      Damage    Failure   Level
 Confusing Touch          Hex            1%         N/A       56%         3
 Gell's Gravitas          Tloc           0%         N/A       56%         3
 Ice Form                 Ice/Tmut       5%         N/A       77%         4
 Petrify                  Tmut/Erth      5%         N/A       77%         4
 Hydra Form               Tmut           4%         N/A       88%         5
 Yara's Violent Unravell  Hex/Tmut       2%         3d3       98%         5
 Metabolic Englaciation   Hex/Ice        0%         N/A       99%         5


Dungeon Overview and Level Annotations

Branches:
Dungeon (4/15)
 Temple: D:4-7

Altars:


Innate Abilities, Weirdness & Mutations

You have temporarily grown beastly horns and talons.
Your plain brown scales are hard. (AC +5)
You cannot fit into any form of body armour.
You are cold-blooded and may be slowed by cold attacks.


Message History

The orc barely misses you. The orc priest closely misses you.
You hit the orc priest. Your kick misses the orc priest.
The orc priest is moderately wounded.
The orc barely misses you.
You closely miss the orc. You claw the orc.
The orc is moderately wounded.
The orc hits you with a +0 club.
You hit the orc but do no damage. You claw the orc, but do no damage.
The orc is moderately wounded.
The orc hits you with a +0 hand axe. The orc hits you with a +0 club.
The orc priest closely misses you. The orc barely misses you.
The orc hits you but does no damage. The orc barely misses you.
The orc hits you but does no damage.
You barely miss the orc priest.
You claw the orc priest, but do no damage.
The orc priest is moderately wounded.
The orc priest hits you but does no damage.
The orc hits you with a +0 flail. The orc barely misses you.
The orc hits you but does no damage. The orc hits you with a +0 hand axe.
You completely miss the orc priest. Your headbutt misses the orc priest.
The orc priest is moderately wounded.
Your transformation is almost over.
The orc priest hits you with a +0 mace. The orc hits you with a +0 flail.
The orc hits you with a +0 hand axe. The orc hits you with a +0 club.
The orc hits you with a +0 hand axe. The orc barely misses you.
The orc misses you. The orc hits you with a +0 club.
* * * LOW HITPOINT WARNING * * *
You barely miss the orc priest. You claw the orc priest.
You headbutt the orc priest.
The orc priest is almost dead.
You closely miss the orc.
The orc is moderately wounded.
The orc priest invokes the aid of Beogh against you.
Beogh smites you!
* * * LOW HITPOINT WARNING * * *
It was a potion of attraction.
You feel attractive to monsters.
The orc priest mumbles some strange prayers to Beogh against you.
Beogh smites you!
You die...

..# #.#)##.# #.#.#.# ##
..###.#)##.###.#<#.#
........##.........#
...##.#..........#<####
...##.#.#######..#.....
.#....#.#...........#
#######.#.#####.....+
#.......#...........#
#.###########+##@...#
#.# ......oo##### .>#
......oo'...# ..#
.......o###.# ..#
......... ..#
..(....... ..#
#####+#.... ))# #.....
..####### #.#.#.#


You could see an orc priest and 4 orcs.

Vanquished Creatures
  Ijyb (D:3)
  4 gnolls
  A howler monkey skeleton (D:4)
  6 adders
  A worm (D:4)
  A dart slug (D:3)
  4 orcs (D:4)
  4 bats
  3 endoplasms
  2 giant cockroaches (D:1)
  2 goblins
  5 hobgoblins
  3 jackals (D:4)
  2 quokkas
  6 ball pythons
  4 frilled lizards
  4 kobolds
  7 rats
60 creatures vanquished.

Notes
Turn   | Place    | Note
-------+----------+-------------------------------------------
     0 | D:1      | roflturtle the Draconian Transmuter began the quest for the
                  | Orb.
     0 | D:1      | Reached XP level 1. HP: 16/16 MP: 3/3
   231 | D:1      | Reached XP level 2. HP: 19/24 MP: 5/5
   235 | D:1      | Learned a level 2 spell: Wereblood
  1160 | D:2      | Reached XP level 3. HP: 17/31 MP: 4/6
  1562 | D:2      | Learned a level 3 spell: Spider Form
  1837 | D:2      | Reached XP level 4. HP: 29/38 MP: 7/7
  2585 | D:2      | Found a faded altar of an unknown god.
  3291 | D:3      | Noticed Ijyb
  3320 | D:3      | Killed Ijyb
  3652 | D:3      | Reached XP level 5. HP: 32/45 MP: 6/8
  4803 | D:4      | Killed from afar by an orc priest

Illustrated notes

Levels and vault maps discovered:
D:1:      dpeg_arrival_three_same_balls, layout_loops_ring, minivault_11,
          roderic_lattice_a
D:2:      layout_basic, shapermc_ecumenical_altar_totnotflames
D:3:      layout_loops_corners, uniq_ijyb
D:4:      layout_basic, uniq_robin

Skill      XL: |  1  2  3  4  5 |
---------------+----------------+-----
Dodging        | 2 3 |  3.3
Fighting       | 2 3 |  3.1
Transmutations | 3 |  3.0
Spellcasting   | 3 |  3.0
Unarmed Combat | |  3.0

Action                   |  1- 3 |  4- 6 || total
-------------------------+-------+-------++-------
Melee: Unarmed           |    91 |   134 ||   225
       Headbutt          |     3 |    12 ||    15
       Kick              |     7 |    16 ||    23
       Tailslap          |     6 |    15 ||    21
       Punch             |       |     2 ||     2
 Cast: Beastly Appendage |     5 |    17 ||    22
       Wereblood         |       |     3 ||     3
 Abil: End Transformatio |     1 |       ||     1
  Use: Potion            |       |     1 ||     1
 Stab: Sleeping          |     4 |     1 ||     5
Armor: Skin              |    28 |    40 ||    68
Dodge: Dodged            |    40 |    79 ||   119

Table legend: (Time is in decaauts)
 A = Elapsed time spent in this place.
 B = Non-inter-level travel time spent in this place.
 C = Inter-level travel time spent in this place.
 D = Time resting spent in this place.
 E = Time spent auto-exploring this place.
 F = Levels seen in this place.
 G = Mean time per level.
                   A        B        C        D        E       F      G
               +--------+--------+--------+--------+--------+-----+--------+
         Total |   4796 |   4728 |     68 |    665 |   3433 |   4 | 1199.0 |
       Dungeon |   4796 |   4728 |     68 |    665 |   3433 |   4 | 1199.0 |
               +--------+--------+--------+--------+--------+-----+--------+

Top non-repeatable levels by time:
     D:2: 1662 daAuts
     D:1: 1258 daAuts
     D:3: 1211 daAuts
     D:4: 664 daAuts
